 Dungeon Crawl Stone Soup version 0.30-a0-930-gb9d0489357 (webtiles) character file.

Game seed: 13665194891126308050

1115 Sobieck the Covert (level 8, 0/69 HPs)
             Began as a Naga Fighter on Mar 23, 2023.
             Slain by a steam dragon (2 damage)
             ... on level 6 of the Dungeon.
             The game lasted 00:10:24 (5670 turns).

Sobieck the Covert (Naga Fighter)                   Turns: 5670, Time: 00:10:25

Health: 0/69       AC:  9    Str: 21    XL:     8   Next: 34%
Magic:  8/8        EV:  7    Int: 17    God:
Gold:   293        SH:  4    Dex: 11    Spells: 7/7 levels left

rFire   . . .      SeeInvis +      - Unarmed
rCold   . . .      Faith    .    b - +0 buckler
rNeg    . . .      Spirit   .    a - +0 scale mail
rPois   +          Reflect  .    d - +1 helmet {Int+3}
rElec   .          Rampage  .    (no cloak)
rCorr   .                        q - +0 pair of gloves
Will    +....                    (no barding)
Stlth   +++                      (no amulet)
HPRegen 0.31/turn                L - +6 ring of intelligence
MPRegen 0.11/turn                (no ring)

@: very slow
A: AC +2, large, see invisible, deformed body, poison resistance, slowness 2,
spit poison 1, naga tail 1
a: Spit Poison


You were on level 6 of the Dungeon.
You visited 2 branches of the dungeon, and saw 7 of its levels.

You collected 293 gold pieces.


Innate Abilities, Weirdness & Mutations

Your serpentine skin is tough. (AC +2)
You have supernaturally acute eyesight. (SInv)
Armour fits poorly on your strangely shaped body.
Your system is resistant to poisons. (rPois)
You cover ground very slowly.
You can spit poison.
You have a snake-like lower body.


   Skills:
 - Level 3.0 Fighting
 - Level 2.4 Armour
 - Level 10.0 Stealth
 - Level 2.6 Shields
 + Level 7.3 Unarmed Combat


You had 7 spell levels left.
You didn't know any spells.
Your spell library contained the following spells:

 Spells                   Type           Power      Damage    Failure   Level
 Cigotuvi's Dreadful Rot  Necr/Pois/Air  0%         N/A       77%         2
 Lesser Beckoning         Tloc           0%         N/A       77%         2
 Momentum Strike          Conj/Tloc      0%         3d8       77%         2
 Poisonous Vapours        Pois/Air       0%         N/A       77%         2
 Mephitic Cloud           Conj/Pois/Air  0%         N/A       94%         3
 Animate Armour           Summ/Erth      0%         N/A       100%        4
 Iskenderun's Mystic Bla  Conj/Tloc      0%         2d3       100%        4
 Dispersal                Tloc           0%         N/A       100%        6

Inventory:

Hand Weapons
 g - a +0 quarterstaff {staff}
   (You found it on level 1 of the Dungeon)
 l - a +0 dagger {short}
   (You took it off a kobold on level 1 of the Dungeon)
 w - a +0 dagger {short}
   (You took it off a goblin on level 2 of the Dungeon)
 y - a +0 dagger {short}
   (You took it off a goblin on level 2 of the Dungeon)
Missiles
 f - 39 stones {throwing}
 k - 3 atropa-tipped darts {throwing}
 H - 12 poisoned darts {throwing}
 S - 5 curare-tipped darts {=fthrowing}
 T - 3 boomerangs {throwing}
Armour
 a - a +0 scale mail (worn)
 b - a +0 buckler (worn)
 d - a +1 helmet of intelligence (worn)
   (You found it on level 1 of the Dungeon)
 e - a +0 chain mail
   (You found it on level 1 of the Dungeon)
 p - a +0 ring mail
   (You found it on level 1 of the Dungeon)
 q - a +0 pair of gloves (worn)
   (You found it on level 1 of the Dungeon)
 r - a +0 robe
   (You found it on level 1 of the Dungeon)
 s - a +0 robe
   (You found it on level 1 of the Dungeon)
 E - a +0 chain mail
   (You took it off a kobold on level 3 of the Dungeon)
 G - a +0 animal skin
   (You took it off Robin on level 3 of the Dungeon)
 J - a +0 leather armour
   (You took it off an orc on level 3 of the Dungeon)
 K - a +0 leather armour
   (You found it on level 3 of the Dungeon)
 M - a +2 robe of cold resistance
   (You took it off Jessica on level 3 of the Dungeon)
 O - a +0 robe
   (You found it on level 4 of the Dungeon)
 P - a +0 ring mail
   (You took it off an orc on level 4 of the Dungeon)
 Q - a +0 robe
   (You took it off an orc wizard on level 4 of the Dungeon)
 R - a +0 ring mail
   (You took it off an orc on level 5 of the Dungeon)
 U - a +0 robe
   (You took it off an orc wizard on level 5 of the Dungeon)
 V - a +0 leather armour
   (You took it off an orc on level 5 of the Dungeon)
 W - a +0 ring mail
   (You took it off an orc on level 5 of the Dungeon)
 X - a +0 robe
   (You found it on level 5 of the Dungeon)
 Y - a +0 robe
   (You took it off an orc wizard on level 5 of the Dungeon)
 Z - a +0 scale mail
   (You took it off an orc priest on level 5 of the Dungeon)
Magical Staves
 B - a staff of air {!astaff}
   (You found it on level 2 of the Dungeon)
Jewellery
 L - a +6 ring of intelligence (left hand)
   (You found it on level 3 of the Dungeon)
Scrolls
 i - 5 scrolls of identify {unknown}
 m - a scroll of blinking {unknown}
 t - a scroll of vulnerability {unknown}
 u - 2 scrolls of enchant armour {unknown}
 v - 2 scrolls of summoning {unknown}
 x - a scroll of poison {unknown}
 A - a scroll of acquirement {unknown}
 C - 2 scrolls of fear {unknown}
 D - 7 scrolls of teleportation {unknown}
 I - a scroll of immolation {unknown}
 N - 4 scrolls of fog {unknown}
Potions
 c - 2 potions of might
 h - 2 potions of degeneration {unknown}
 j - 3 potions of cancellation {unknown}
 n - 3 potions of resistance {unknown}
 o - 4 potions of curing {@q1}
 z - 2 potions of attraction {unknown}
 F - a potion of heal wounds {unknown}

Dungeon Overview and Level Annotations

Branches:
Dungeon (6/15) Zot: 26450  Temple (1/1) D:5 Zot: 5943

Altars:
Ashenzari
Cheibriados
Elyvilon
Fedhas
Gozag
Hepliaklqana
Kikubaaqudgha
Makhleb
Qazlal
Sif Muna
Trog
Uskayaw
Vehumet
Xom
Yredelemnul
Zin
The Shining One

Shops:
D:5 :

Annotations:
D:2 1 runed translucent door, Crazy Yiuf
D:3 1 runed translucent door

#.#........# #.# #
#........#. #####)###
#........#.# #........
.....#.# #.......)
#.#.#§# ##........
#.##...§.##.####...###
#.....§.....#.........
###§...####.##...###
#.D@...))...#.......
#.#...)######..[.###
#.#....# #....# #
#....# #....# #....#
#....# #....# #.####
#....# .. ...... ...
........ >...


You could see a steam dragon (catching breath).


Message History

Unknown command. 2 gnolls come into view.
A gnoll comes into view. It is wielding a +0 whip.
The gnoll moves out of view.
Danger!
The gnoll shouts! x2; You hear an angry hiss.
The gnoll hits you but does no damage. The gnoll attacks as you move away!
The gnoll hits you but does no damage. The gnoll barely misses you.
The gnoll attacks as you move away! The gnoll closely misses you.
Unknown command.
You block the gnoll's attack. The gnoll hits you but does no damage.
The gnoll hits you with a +0 spear.
Unknown command.
You barely miss the gnoll. The gnoll hits you but does no damage.
Unknown command.
You hit the gnoll. The gnoll hits you with a +0 spear.
Unknown command.
You closely miss the gnoll. You block the gnoll's attack.
Unknown command.
You punch the gnoll!
The gnoll drinks a potion.
The gnoll is healed!
You hit the gnoll. The gnoll hits you but does no damage.
You punch the gnoll! You punch the gnoll!
You kill the gnoll!
You hit the gnoll. The gnoll hits you with a +0 club.
You hit the gnoll. The gnoll barely misses you.
Unknown command.
You hit the gnoll but do no damage. You block the gnoll's attack.
You hit the gnoll but do no damage. The gnoll closely misses you.
You punch the gnoll!
You kill the gnoll!
You hit the gnoll but do no damage. The gnoll hits you but does no damage.
You closely miss the gnoll. The gnoll hits you with a +0 whip.
You punch the gnoll! The gnoll hits you with a +0 whip.
You punch the gnoll!
You kill the gnoll!
Items here: ))) †.
Unknown command.
Unknown command.
Things that are here:
a +0 mace {mace}; a +0 leather armour; an orc corpse
Things that are here:
a +0 hand axe {axe}; a +0 ring mail
Things that are here:
a +0 short sword {short}; an orc corpse
D - 7 scrolls labelled MUASSO JOPNI (gained 1)
You see here 2 glowing purple potions.
A steam dragon is nearby!
Danger!
The splash of poison hits the steam dragon but does no damage.
The steam dragon hisses angrily.
Unknown command.
You hit the steam dragon but do no damage.
The steam dragon breathes steam at you. The ball of steam hits you!
You hear a shout!
You hit the steam dragon.
You are engulfed in a cloud of scalding steam.
The steam dragon barely misses you. The steam dragon claws you.
Unknown command.
You punch the steam dragon!
You are engulfed in a cloud of scalding steam.
The steam dragon breathes steam at you. The ball of steam hits you!
You hear a shout!
You hit the steam dragon.
You are engulfed in a cloud of scalding steam.
You block the steam dragon's attack. The steam dragon claws you.
Unknown command.
You have got your breath back.
The steam dragon bites you!
* * * LOW HITPOINT WARNING * * *
The steam dragon claws you but does no damage.
Unknown command.
You closely miss the steam dragon. The steam dragon bites you.
* * * LOW HITPOINT WARNING * * *
The steam dragon claws you.
* * * LOW HITPOINT WARNING * * *
You hit the steam dragon.
The steam dragon bites you but does no damage.
The steam dragon claws you but does no damage.
Unknown command.
You hit the steam dragon. The steam dragon bites you.
* * * LOW HITPOINT WARNING * * *
You block the steam dragon's attack.
You hit the steam dragon. The steam dragon breathes steam at you.
The ball of steam hits you!!
* * * LOW HITPOINT WARNING * * *
You hit the steam dragon but do no damage.
You are engulfed in a cloud of scalding steam.
The steam dragon barely misses you. You block the steam dragon's attack.
Unknown command.
You block the steam dragon's attack. The steam dragon claws you.
* * * LOW HITPOINT WARNING * * *
The steam dragon bites you but does no damage.
The steam dragon claws you.
You die...

Skill      XL: |  1  2  3  4  5  6  7  8 |
---------------+-------------------------+-----
Stealth        | 1 3 4 6 7 9 10 | 10.0
Unarmed Combat | 3 4 5 6 7 |  7.3
Fighting       | |  3.0
Armour         | |  2.4
Shields        | |  2.6

Action                     |  1- 3 |  4- 6 |  7- 9 || total
---------------------------+-------+-------+-------++-------
  Melee: Unarmed           |   120 |   206 |   131 ||   457
Ability: Spit Poison       |    16 |    18 |    13 ||    47
    Use: Potion            |       |     1 |       ||     1
   Stab: Sleeping          |       |     2 |     2 ||     4
 Armour: Scale mail        |    40 |   108 |    48 ||   196
  Dodge: Dodged            |    33 |    68 |    45 ||   146
  Block: Buckler           |    24 |    29 |    23 ||    76

Levels and vault maps discovered:
D:1:      dpeg_arrival_rooms_b, layout_loops_cross, chequers_garden,
          minmay_misc_feat_chi, chequers_serial_rivers_large_b
D:2:      layout_basic, basic_altar, kennysheep_generic_room_9,
          uniq_crazy_yiuf_cottage
D:3:      layout_basic, dk_yredelemnul_ordeal, old_standard_altar, uniq_robin,
          uniq_jessica
D:4:      layout_loops_ring, mainiacjoe_overflow_surrounded_room,
          lemuel_doored_altar, nicolae_tso_carved_into_rock
D:5:      layout_cave_pods, grunt_gozag_statues,
          minmay_temple_entry_proselytizer, nicolae_shop_self_help, uniq_edmund
D:6:      layout_basic, worldfamousw_hep_ancestral_shrine, minmay_mini_ossuary
Temple:   nicolae_temple_ecumenical_triangle

Notes
Turn   | Place    | Note
-------+----------+-------------------------------------------
     0 | D:1      | Sobieck the Naga Fighter began the quest for the Orb.
     0 | D:1      | Reached XP level 1. HP: 21/21 MP: 1/1
    37 | D:1      | Reached skill level 1 in Stealth
   123 | D:1      | Reached XP level 2. HP: 25/28 MP: 2/2
   136 | D:1      | Reached skill level 2 in Stealth
  1149 | D:2      | Found a glowing golden altar of the Shining One.
  1290 | D:2      | Reached skill level 3 in Stealth
  1290 | D:2      | Reached XP level 3. HP: 34/34 MP: 3/3
  1319 | D:2      | Reached skill level 3 in Unarmed Combat
  1727 | D:2      | Reached XP level 4. HP: 37/42 MP: 4/4
  1872 | D:2      | Found a runed translucent door.
  1873 | D:2      | Noticed Crazy Yiuf
  1922 | D:3      | Reached skill level 4 in Stealth
  1970 | D:3      | Found a burning altar of Makhleb.
  2230 | D:3      | Noticed Robin
  2266 | D:3      | Killed Robin
  2701 | D:3      | Found a runed translucent door.
  2703 | D:3      | Noticed a human
  2705 | D:3      | Found a basalt altar of Yredelemnul.
  2712 | D:3      | Reached XP level 5. HP: 49/49 MP: 5/5
  2802 | D:3      | Noticed Jessica
  2809 | D:3      | Killed Jessica
  2810 | D:3      | Reached skill level 5 in Stealth
  2943 | D:4      | Reached skill level 4 in Unarmed Combat
  2997 | D:4      | Found a glowing golden altar of the Shining One.
  3009 | D:4      | You add the spells Momentum Strike, Lesser Beckoning,
                  | Iskenderun's Mystic Blast, Animate Armour and Dispersal to
                  | your library.
  3009 | D:4      | Got the Atlas of the Comitatus and Translocation
  3118 | D:4      | You pick up a book of Vapours and begin reading...
  3118 | D:4      | You add the spells Poisonous Vapours, Cigotuvi's Dreadful
                  | Rot and Mephitic Cloud to your library.
  3177 | D:4      | Reached skill level 6 in Stealth
  3257 | D:4      | Reached XP level 6. HP: 46/56 MP: 6/6
  3463 | D:4      | Found a blossoming altar of Fedhas.
  3592 | D:4      | Found a radiant altar of Vehumet.
  3727 | D:5      | Entered Level 5 of the Dungeon
  3797 | D:5      | Found Emne Wee's Self-Improvement Boutique.
  3989 | D:5      | Reached skill level 7 in Stealth
  3989 | D:5      | Reached skill level 5 in Unarmed Combat
  4087 | D:5      | HP: 4/56 [ogre/+0 giant spiked club (29)]
  4089 | D:5      | Reached XP level 7. HP: 4/62 MP: 7/7
  4299 | D:5      | Reached skill level 8 in Stealth
  4534 | D:5      | Found an opulent altar of Gozag.
  4596 | D:5      | Reached skill level 6 in Unarmed Combat
  4647 | D:5      | Reached skill level 9 in Stealth
  4740 | D:5      | Reached XP level 8. HP: 61/69 MP: 8/8
  4837 | D:5      | Found a staircase to the Ecumenical Temple.
  4912 | Temple   | Entered the Ecumenical Temple
  5018 | D:5      | Noticed Edmund
  5034 | D:5      | Killed Edmund
  5035 | D:5      | Reached skill level 10 in Stealth
  5406 | D:6      | Found a hazy altar of Hepliaklqana.
  5462 | D:6      | Reached skill level 7 in Unarmed Combat
  5668 | D:6      | HP: 4/69 [steam dragon/ball of steam (21)]
  5670 | D:6      | Slain by a steam dragon

Vanquished Creatures
  Edmund (D:5)
  2 ogres (D:5)
  A black bear (D:5)
  2 scorpions
  3 hounds
  A jelly (D:5)
  3 orc priests
  Jessica (D:3)
  3 iguanas
  3 orc wizards
  Robin (D:3)
  3 gnolls (D:6)
  8 adders
  A white imp (D:5)
  2 ufetubi (D:6)
  3 worms
  A dart slug (D:1)
  12 orcs
  4 bats
  6 endoplasms
  3 giant cockroaches
  13 goblins
  10 hobgoblins
  7 jackals
  8 kobolds
  2 quokkas
  7 ball pythons
  A frilled lizard (D:2)
  A kobold skeleton (D:3)
  A kobold zombie (D:3)
  7 rats
121 creatures vanquished.

Table legend:
 A = Non-vault XP
 B = Vault XP
 C = Vault XP percentage of total XP
 D = Non-vault monster count
 E = Vault monster count
 F = Vault count percentage of total count
                 A         B        C        D         E       F
            +---------+---------+-------+---------+---------+-------
      Total |    1325 |     268 |  16.8 |     104 |      17 |  14.0
            +---------+---------+-------+---------+---------+-------
        D:1 |      25 |       0 |   0.0 |      14 |       0 |   0.0
        D:2 |      57 |       6 |   9.5 |      19 |       1 |   5.0
        D:3 |      41 |      74 |  64.3 |      22 |      14 |  38.9
        D:4 |     202 |       0 |   0.0 |      14 |       0 |   0.0
        D:5 |     813 |     188 |  18.8 |      24 |       2 |   7.7
        D:6 |     187 |       0 |   0.0 |      11 |       0 |   0.0
            +---------+---------+-------+---------+---------+-------

Illustrated notes

Table legend:
 A = Kills in this place as a percentage of kills in the entire game.
 B = Kills by you in this place as a percentage of kills by you in the entire game.
 C = Kills by friends in this place as a percentage of kills by friends in the entire game.
 D = Other kills in this place as a percentage of other kills in the entire game.
 E = Experience gained in this place as a percentage of experience gained in the entire game.
 F = Experience gained in this place divided by the number of levels of this place that you have seen.
                   A       B       C       D       E      F
               +-------+-------+-------+-------+-------+----------------------
         Total | 100.0 | 100.0 |   N/A |   N/A | 100.0 | 227.6
       Dungeon | 100.0 | 100.0 |   N/A |   N/A | 100.0 | 265.5
               +-------+-------+-------+-------+-------+----------------------

Table legend: (Time is in decaauts)
 A = Elapsed time spent in this place.
 B = Non-inter-level travel time spent in this place.
 C = Inter-level travel time spent in this place.
 D = Time resting spent in this place.
 E = Time spent auto-exploring this place.
 F = Levels seen in this place.
 G = Mean time per level.
                   A        B        C        D        E       F      G
               +--------+--------+--------+--------+--------+-----+--------+
         Total |   7190 |   7027 |    163 |    588 |   5321 |   7 | 1027.1 |
       Dungeon |   7134 |   6983 |    151 |    588 |   5321 |   6 | 1189.0 |
        Temple |     56 |     44 |     12 |      0 |      0 |   1 |   56.0 |
               +--------+--------+--------+--------+--------+-----+--------+

Top non-repeatable levels by time:
     D:5: 1691 daAuts
     D:2: 1441 daAuts
     D:3: 1280 daAuts
     D:4: 1096 daAuts
     D:1: 1077 daAuts
     D:6: 548 daAuts
  Temple: 56 daAuts
